 Dungeon Crawl Stone Soup version 0.22.1-2-g9c5b331383 (webtiles) character file.

200 Marnok the Slasher (level 5, -2/43 HPs)
             Began as a Barachi Fighter on Nov 27, 2018.
             Slain by an ogre
             ... wielding a +0 giant spiked club
              (20 damage)
             ... on level 4 of the Dungeon.
             The game lasted 00:12:59 (1944 turns).

Marnok the Slasher (Barachi Fighter)                Turns: 1944, Time: 00:12:59

Health: -2/43      AC: 13    Str: 18    XL:     5   Next: 79%
Magic:  5/5        EV:  8    Int:  8    God:
Gold:   90         SH:  9    Dex: 12    Spells: 4/4 levels left

rFire    . . .     SeeInvis .   a - +0 long sword
rCold    . . .     Gourm    .   c - +0 shield
rNeg     . . .     Faith    .   b - +0 scale mail
rPois    .         Spirit   .   (no helmet)
rElec    .         Reflect  .   v - +2 cloak {+Inv}
rCorr    .         Harm     .   r - +2 pair of gloves
MR       .....                  (no boots)
Stlth    ..........             q - amulet of rage
HPRegen  0.14/turn              (no ring)
MPRegen  0.09/turn              (no ring)

@: slow
A: +LOS, swims, slowness 1, strong legs 1
a: Hop, Evoke Berserk Rage, Evoke Invisibility


You were on level 4 of the Dungeon.
You were not hungry.

You visited 1 branch of the dungeon, and saw 4 of its levels.

You collected 90 gold pieces.

Inventory:

Hand Weapons
 a - a +0 long sword (weapon)
 e - a +4 quarterstaff of chaos
 s - a cursed -1 short sword
 u - a +0 short sword of venom
 w - a +2 mace of protection
Armour
 b - a +0 scale mail (worn)
 c - a +0 shield (worn)
 r - a +2 pair of gloves (worn)
 v - a +2 cloak of invisibility (worn)
Jewellery
 q - an amulet of rage (around neck)
 x - a +4 ring of protection {unknown}
Scrolls
 g - 2 scrolls of enchant armour
 h - a scroll of blinking {unknown}
 i - a scroll of teleportation
 l - a scroll of amnesia {unknown}
 p - 2 scrolls of remove curse
Potions
 d - a potion of might
 j - a potion of agility
 k - a potion of heal wounds
 m - a potion of degeneration
 n - 2 potions of resistance
 o - 3 potions of curing
 z - a potion of cancellation {unknown}
Comestibles
 f - a ration
 t - 2 chunks of flesh


   Skills:
 + Level 4.4 Fighting
 + Level 4.6 Long Blades
 + Level 4.5 Armour
 + Level 1.1 Dodging
 + Level 0.2 Stealth
 + Level 4.3 Shields


You had 4 spell levels left.
You didn't know any spells.
Your spell library was empty.

Dungeon Overview and Level Annotations

Branches:
Dungeon (4/15)
 Temple: D:4-7

Altars:


Innate Abilities, Weirdness & Mutations

Shadows flee at your approach. (+LOS)
You can swim through water.
You cover ground slowly.
You can hop short distances.


Message History

You barely miss the worker ant.
The worker ant is severely wounded.
The worker ant bites you but does no damage.
You block the worker ant's attack. You block the orc's attack.
You hit the worker ant.
You kill the worker ant!
The orc hits you but does no damage.
You slash the orc!
You kill the orc!
An ogre comes into view. It is wielding a giant spiked club.
You see here a worker ant corpse.
You see here a fizzy silvery potion.
z - a fizzy silvery potion You slash the ogre!
The ogre is heavily wounded.
The ogre hits you with a giant spiked club!!
You slash the ogre!
The ogre is almost dead.
The ogre hits you with a giant spiked club!!
You die...

♣♣P≈≈≈PP≈.P....####....#
#≈♣≈PP≈≈≈≈≈P≈..........#
#.♣≈≈≈♣≈≈≈≈≈#........[.#
#.#♣♣♣♣♣♣♣♣##..........####
.. ♣.................. ##
#..........#####.....
#........†.# .#?..
#........O)# . ##
#.......@#.# ..
#........#O.# #
#........##.# #........# ..
#####....# ... #....# ....
###### ..... ..##.


You could see an ogre.

Vanquished Creatures
  A howler monkey (D:4)
  Crazy Yiuf (D:2)
  A hound (D:4)
  A worker ant (D:4)
  3 adders
  A worm (D:2)
  A dart slug (D:2)
  An orc (D:4)
  7 bats
  4 giant cockroaches
  6 hobgoblins
  3 jackals (D:1)
  10 kobolds
  2 frilled lizards
  4 goblins
  5 rats (D:1)
51 creatures vanquished.

Notes
Turn   | Place    | Note
-------+----------+-------------------------------------------
     0 | D:1      | Marnok the Barachi Fighter began the quest for the Orb.
     0 | D:1      | Reached XP level 1. HP: 18/18 MP: 1/1
   131 | D:1      | Reached XP level 2. HP: 25/25 MP: 2/2
   341 | D:1      | Reached XP level 3. HP: 24/30 MP: 3/3
  1041 | D:2      | Reached XP level 4. HP: 37/37 MP: 4/4
  1460 | D:2      | Found a runed door.
  1465 | D:2      | Noticed Crazy Yiuf
  1468 | D:2      | Killed Crazy Yiuf
  1804 | D:4      | Reached XP level 5. HP: 42/42 MP: 5/5
  1870 | D:4      | Reached skill level 1 in Dodging
  1937 | D:4      | Noticed an ogre
  1944 | D:4      | Slain by an ogre

Skill      XL: |  1  2  3  4  5 |
---------------+----------------+-----
Armour         | 4 |  4.5
Fighting       | 4 |  4.4
Long Blades    | 3 4 |  4.6
Shields        | 4 |  4.3
Dodging        | 1 |  1.1
Stealth        | |  0.2

Action                   |  1- 3 |  4- 6 || total
-------------------------+-------+-------++-------
Melee: Long sword        |   103 |    69 ||   172
  Use: Scroll            |       |     7 ||     7
       Potion            |       |     1 ||     1
  Eat: Chunk             |     1 |     2 ||     3
       Ration            |       |     1 ||     1
Armor: Scale mail        |    57 |    36 ||    93
Dodge: Dodged            |    43 |    20 ||    63
Block: Shield            |    58 |    33 ||    91
       Rpst.: Long sword |    10 |     6 ||    16
